 Dungeon Crawl Stone Soup version 0.26-a0-651-gb41185065b (webtiles) character file.

Game seed: 12750199487219782715

9508 Mesmaeker13 the Quickloader (level 11, -3/92 HPs)
             Began as a Deep Dwarf Hunter on Oct 7, 2020.
             Was a Priest of Elyvilon.
             Hit by a large rock thrown by a cyclops (22 damage)
             ... on level 11 of the Dungeon.
             The game lasted 00:36:39 (9732 turns).

Mesmaeker13 the Quickloader (Deep Dwarf Hunter)     Turns: 9732, Time: 00:36:39

Health: -3/92      AC: 17    Str: 19    XL:     11   Next: 24%
Magic:  17/17      EV:  9    Int: 11    God:    Elyvilon [***...]
Gold:   178        SH:  0    Dex: 14    Spells: 10/10 levels left

rFire    + . .     SeeInvis .   a - +1 hand crossbow
rCold    . . .     Faith    .   (no shield)
rNeg     . . .     Spirit   .   B - +0 chain mail
rPois    .         Reflect  .   s - +0 helmet
rElec    .         Harm     .   o - +0 cloak
rCorr    .         Rampage  .   S - +0 pair of gloves {archery}
MR       ++...                  u - +0 pair of boots
Stlth    ..........             (no amulet)
HPRegen  0.00/turn              N - ring of protection from magic
MPRegen  0.15/turn              n - ring of protection from fire

@: non-regenerating, lightly drained
A: damage resistance, heal wounds, sense surroundings 2, no regeneration
a: Heal Wounds, Lesser Healing, Heal Other, Purification, Divine Protection,
Renounce Religion


You were on level 11 of the Dungeon.
You worshipped Elyvilon.
Elyvilon was most pleased with you.
You visited 2 branches of the dungeon, and saw 13 of its levels.
You also visited: Ossuary.

You collected 527 gold pieces.
You spent 349 gold pieces at shops.

Inventory:

Hand Weapons
 a - a +1 hand crossbow (weapon)
 k - a +3 hand axe of flaming
 v - a +1 vorpal war axe
 y - a +0 broad axe
 P - the +7 long sword of True Grit {pain, rF+ Str+4}
   (You found it on level 9 of the Dungeon)

   In the hands of one skilled in necromantic magic, it inflicts extra damage on
   living creatures.
   It affects your strength (+4).
   It protects you from fire.
   Elyvilon disapproves of the use of such an item.
Missiles
 d - 31 bolts (quivered)
 w - 9 boomerangs
Armour
 o - a +0 cloak (worn)
 s - a +0 helmet (worn)
 u - a +0 pair of boots (worn)
 B - a +0 chain mail (worn)
 H - a +0 kite shield
 S - a +0 pair of gloves of archery (worn)
Jewellery
 h - an uncursed ring of protection from cold
 n - a ring of protection from fire (right hand)
 r - an uncursed ring of protection from fire
 A - an uncursed ring of poison resistance
 F - a +6 ring of dexterity
 N - a ring of protection from magic (left hand)
 O - an uncursed ring of flight
Wands
 L - a wand of acid (8)
 Q - a wand of flame (15)
Scrolls
 b - 2 scrolls of fear
 c - 3 scrolls of enchant armour
 g - 9 scrolls of amnesia
 i - 7 scrolls of remove curse
 j - 6 scrolls of teleportation
 m - 5 scrolls of enchant weapon
 t - 3 scrolls of magic mapping {unknown}
 E - 2 scrolls of immolation
 G - 2 scrolls of fog
 R - a scroll of holy word
Potions
 e - 3 potions of might
 f - 2 potions of lignification
 l - 3 potions of heal wounds
 p - a potion of ambrosia {unknown}
 q - a potion of stabbing {unknown}
 x - 5 potions of mutation
 z - 4 potions of curing
 C - a potion of berserk rage
 D - a potion of magic {unknown}
 I - a potion of invisibility {unknown}
 J - 2 potions of brilliance {unknown}
 K - a potion of haste {unknown}
 M - 2 potions of flight {unknown}


   Skills:
 - Level 4.2 Fighting
 + Level 9.4(9.3) Axes
 - Level 10.0(9.8) Crossbows
 - Level 9.3(9.2) Armour
 - Level 3.1(3.0) Dodging
 - Level 1.2(1.1) Stealth
 + Level 1.6(1.5) Shields
 + Level 10.0(9.9) Invocations
 + Level 4.2(4.1) Evocations


You had 10 spell levels left.
You didn't know any spells.
Your spell library contained the following spells:

 Spells                   Type           Power        Failure   Level
 Shock                    Conj/Air       #...         96%         1
 Swiftness                Air            #.......     99%         2
 Static Discharge         Conj/Air       #.......     100%        3
 Airstrike                Air            #.........   100%        4
 Lightning Bolt           Conj/Air       #.........   100%        5


Dungeon Overview and Level Annotations

Branches:
Dungeon (12/15)            Temple (1/1) D:6            Lair (0/6) D:10
    Orc (0/2) D:10        Ossuary (visited)

Altars:
Ashenzari
Cheibriados
Dithmenos
Elyvilon
Fedhas
Gozag
Hepliaklqana
Kikubaaqudgha
Makhleb
Nemelex Xobeh
Okawaru
Qazlal
Ru
Sif Muna
Trog
Uskayaw
Vehumet
Wu Jian
Xom
Yredelemnul
Zin
The Shining One

Shops:
D:4 *=[*[   D:10 :

Annotations:
D:7 1 runed translucent door, PanSaczeczos's ghost, novice GrIE


Innate Abilities, Weirdness & Mutations

You are resistant to damage.
You can heal yourself by infusing magical energy.
You passively map the area around you.
You do not regenerate.


Message History

You start waiting.
You feel less wooden.
Your +0 cloak unmelds from your body.
Your +0 helmet unmelds from your body.
Your +0 pair of gloves of archery unmelds from your body.
Your +0 pair of boots unmelds from your body.
Your +0 chain mail unmelds from your body.
You feel that your aim is more steady.
Things that are here:
a +0 giant spiked club; a +0 robe
Things that are here:
a crocodile corpse; an adder corpse
There is a stone staircase leading down here.
Things that are here:
a crocodile corpse; an adder corpse You now have 154 gold pieces (gained 9).
You now have 178 gold pieces (gained 24).
A cyclops comes into view.
The cyclops shouts!
The cyclops throws a large rock.
The large rock hits you!!
You die...

* * * * * #. * , , , ,,
** #.###+####* * * *,,
#........# , ,
#........##### ** * ,,,
#............C *
#####+#####.............
........................,
,
......#.##.#....@.......,
* ,
.######.........###.....
* .# ####.###### ,..$ ,*
.# #... , ,. * * .#
#..... ,,* ** ,* .#
#....... * * .# ........
,, , ,, .# ........ ,, ,,
, .# ........, ** *


You could see a cyclops.

Vanquished Creatures
  Erolcha (D:11)
  Pikel (D:9)
  A necromancer (D:10)
  Joseph (D:7)
  5 hippogriffs
  2 wyverns (D:8)
  6 yaks (D:10)
  A wraith (D:10)
  A water moccasin (D:8)
  A soldier ant (D:6)
  2 porcupines (D:10)
  4 orc warriors
  2 black bears
  4 sky beasts
  6 ogres
  2 centaurs
  A crocodile (D:11)
  3 lemures (D:9)
  A big kobold (D:4)
  6 bullfrogs
  4 scorpions
  9 killer bees
  3 wights (D:12)
  8 howler monkeys
  2 bullfrog zombies
  3 centaur zombies (Ossuary)
  2 jellies
  A hound (D:7)
  3 centaur skeletons
  A bullfrog skeleton (D:8)
  4 orc priests
  9 iguanas
  10 orc wizards
  6 worker ants
  4 yak simulacra (D:10)
  A polar bear simulacrum (D:10)
  4 wolf simulacra (D:10)
  4 big kobold zombies (Ossuary)
  A hound skeleton (D:10)
  5 mummies (Ossuary)
  Robin (D:2)
  10 adders
  7 gnolls
  A howler monkey skeleton (D:2)
  3 white imps
  3 ufetubi
  3 adder skeletons
  3 worms
  A dart slug (D:2)
  2 leopard geckos
  42 orcs
  4 ball pythons
  8 giant cockroaches
  6 hobgoblins
  4 jackals (D:3)
  11 quokkas
  8 bats
  3 frilled lizards
  16 goblins
  2 hobgoblin zombies (Ossuary)
  6 kobolds
  A quokka zombie (D:7)
  7 rats
  2 river rat simulacra (D:10)
289 creatures vanquished.

Vanquished Creatures (collateral kills)
  An orc wizard (D:10)
1 creature vanquished.

Vanquished Creatures (others)
  An orc warrior (D:10)
  13 fungi (D:10)
  16 plants (D:10)
30 creatures vanquished.

Grand Total: 320 creatures vanquished

Notes
Turn   | Place    | Note
-------+----------+-------------------------------------------
     0 | D:1      | Mesmaeker13 the Deep Dwarf Hunter began the quest for the
                  | Orb.
     0 | D:1      | Reached XP level 1. HP: 19/19 MP: 1/1
   250 | D:1      | Reached XP level 2. HP: 26/26 MP: 2/2
  1000 | D:2      | Reached XP level 3. HP: 29/32 MP: 3/3
  1024 | D:2      | Noticed Robin
  1209 | D:2      | Reached skill level 5 in Crossbows
  1260 | D:2      | Killed Robin
  1260 | D:2      | Reached XP level 4. HP: 32/40 MP: 4/4
  1633 | D:2      | Reached skill level 1 in Axes
  1633 | D:2      | Reached skill level 1 in Armour
  1742 | D:3      | Found a hazy altar of Hepliaklqana.
  1882 | D:3      | Reached XP level 5. HP: 28/48 MP: 5/5
  1943 | D:4      | Found Yqiocwaso's Armour Shoppe.
  2135 | D:4      | Reached XP level 6. HP: 25/56 MP: 6/6
  2496 | D:3      | Reached XP level 7. HP: 23/63 MP: 7/7
  2842 | D:4      | Found Itubeid's Assorted Antiques.
  2957 | D:4      | Found a radiant altar of Vehumet.
  3040 | D:4      | Found Coppiymu's Antique Armour Boutique.
  3044 | D:4      | Found Ygogaus's Assorted Antiques.
  3107 | D:4      | You fall into a shaft and drop 1 floor!
  3107 | D:5      | Entered Level 5 of the Dungeon
  3215 | D:4      | Found Vucaithe's Jewellery Shoppe.
  4049 | D:6      | Found a staircase to the Ecumenical Temple.
  4063 | Temple   | Entered the Ecumenical Temple
  4173 | Temple   | Became a worshipper of Elyvilon the Healer
  4327 | D:6      | Noticed a hippogriff
  4353 | D:6      | Killed a hippogriff
  4353 | D:6      | Reached skill level 1 in Invocations
  4443 | D:6      | Reached XP level 8. HP: 42/72 MP: 8/8
  4483 | D:6      | Found a shimmering altar of Xom.
  4613 | D:7      | Reached * piety under Elyvilon
  5034 | D:7      | Noticed Joseph
  5055 | D:7      | Killed Joseph
  5055 | D:7      | Reached skill level 5 in Axes
  5055 | D:7      | Reached skill level 5 in Armour
  5355 | D:7      | Reached skill level 5 in Invocations
  5358 | D:7      | Gained mutation: You passively map the area around you.
                  | [Deep Dwarf growth]
  5358 | D:7      | Reached XP level 9. HP: 22/78 MP: 11/11
  5558 | D:7      | Found a runed translucent door.
  5560 | D:7      | Noticed PanSaczeczos's ghost (novice GrIE)
  5633 | D:7      | Reached ** piety under Elyvilon
  6218 | D:8      | Found a shadowy altar of Dithmenos.
  6226 | D:8      | Found a sand-covered staircase.
  6230 | Ossuary  | Entered an ossuary
  6582 | D:8      | Reached XP level 10. HP: 33/86 MP: 12/14
  7049 | D:9      | Found a shadowy altar of Dithmenos.
  7075 | D:9      | Noticed Pikel
  7089 | D:9      | Killed Pikel
  7260 | D:9      | Got a bloodstained long sword
  7261 | D:9      | Identified the +7 long sword of True Grit {pain, rF+ Str+4}
                  | (You found it on level 9 of the Dungeon)
  7780 | D:4      | Bought a +0 pair of gloves of archery for 149 gold pieces
  7997 | D:10     | Entered Level 10 of the Dungeon
  8005 | D:10     | HP: 2/86 [orc warrior/+0 glaive (17)]
  8166 | D:4      | Bought an uncursed ring of poison resistance for 200 gold
                  | pieces
  8373 | D:10     | Found a staircase to the Orcish Mines.
  8622 | D:10     | Reached *** piety under Elyvilon
  8667 | D:10     | Noticed a necromancer
  8676 | D:10     | Killed a necromancer
  8676 | D:10     | Reached skill level 10 in Crossbows
  8731 | D:10     | Reached skill level 1 in Evocations
  8945 | D:10     | Reached XP level 11. HP: 27/92 MP: 17/17
  9230 | D:10     | Found a staircase to the Lair.
  9378 | D:10     | Found Azxaun's Book Shoppe.
  9444 | D:10     | You fall into a shaft and drop 2 floors!
  9647 | D:11     | Noticed Erolcha
  9662 | D:11     | Killed Erolcha
  9662 | D:11     | Reached skill level 1 in Shields
  9662 | D:11     | Reached skill level 10 in Invocations
  9732 | D:11     | Hit by a large rock thrown by a cyclops

Illustrated notes

Levels and vault maps discovered:
D:1:      sevenhm_arrival_forest_fort_large_2, layout_loops_corners,
          minmay_tromino_v4_b
D:2:      layout_loops_ring, hangedman_feature_mirror, minmay_misc_feat_x,
          uniq_robin
D:3:      layout_basic, lemuel_crystal_altar, minmay_between
D:4:      minmay_chambers_of_fours, layout_loops_ring, kennysheep_mini_moat,
          serial_shops, kennysheep_mini, shop_fountains, shop,
          nicolae_shop_crystal, shop
D:5:      layout_basic
D:6:      layout_rooms, xom_butterflies, minmay_temple_entry_ruins
D:7:      layout_basic, ebering_ghost_inner_flame, uniq_joseph
D:8:      layout_gridville, overflow_temple_1_default,
          lightli_ossuary_entry_decrepit_ruins, wad_floor_pattern_untrapped
D:9:      layout_roguey, nicolae_dithmenos_through_a_glass_darkly, uniq_pikel
D:10:     dragon1_lemuel, layout_basic, grunt_lair_entry_orc_guard_hut,
          orc_0_dummy, serial_shops, kennysheep_little_box,
          eino_house_with_fridge
D:11:     layout_basic, minmay_misc_feat_roman, uniq_gastronok, uniq_erolcha
D:12:     layout_roguey
Temple:   dpeg_five_rooms_temple

Skill      XL: |  1  2  3  4  5  6  7  8  9 10 11 |
---------------+----------------------------------+-----
Fighting       | 2 3 4 |  4.2
Dodging        | 3 |  3.1
Crossbows      | 5 6 7 9 10 | 10.0
Axes           | 1 2 3 4 5 7 9 |  9.4
Armour         | 1 2 3 4 5 7 9 |  9.3
Invocations    | 2 5 7 9 10 | 10.0
Evocations     | 2 4 |  4.2
Shields        | 1 |  1.6
Stealth        | |  1.2

Action                   |  1- 3 |  4- 6 |  7- 9 | 10-12 || total
-------------------------+-------+-------+-------+-------++-------
Melee: Short sword       |    70 |       |       |       ||    70
       Hand axe          |    13 |   149 |   228 |   114 ||   504
       War axe           |       |       |       |    52 ||    52
 Fire: Hand crossbow     |    15 |    31 |   149 |   157 ||   352
Invok: Lesser Healing    |       |       |     9 |    12 ||    21
 Abil: Heal Wounds       |       |     2 |     4 |     1 ||     7
Evoke: Wand              |       |       |    14 |    12 ||    26
  Use: Scroll            |       |     2 |    13 |     5 ||    20
       Potion            |       |       |     2 |     2 ||     4
 Stab: Sleeping          |     1 |       |       |       ||     1
Armor: Ring mail         |    37 |    46 |       |       ||    83
       Leather armour    |     2 |       |       |       ||     2
       Chain mail        |       |     2 |   152 |   128 ||   282
       Skin              |       |       |    43 |    10 ||    53
Dodge: Dodged            |    50 |    86 |   125 |    90 ||   351

Table legend: (Time is in decaauts)
 A = Elapsed time spent in this place.
 B = Non-inter-level travel time spent in this place.
 C = Inter-level travel time spent in this place.
 D = Time resting spent in this place.
 E = Time spent auto-exploring this place.
 F = Levels seen in this place.
 G = Mean time per level.
                   A        B        C        D        E       F      G
               +--------+--------+--------+--------+--------+-----+--------+
         Total |   9741 |   8615 |   1126 |    594 |   5074 |  14 |  695.8 |
       Dungeon |   9320 |   8224 |   1096 |    494 |   4918 |  12 |  776.7 |
        Temple |    200 |    170 |     30 |      0 |    156 |   1 |  200.0 |
       Ossuary |    220 |    220 |      0 |    100 |      0 |   1 |  220.0 |
               +--------+--------+--------+--------+--------+-----+--------+

Top non-repeatable levels by time:
     D:7: 1866 daAuts
     D:4: 1182 daAuts
    D:10: 1040 daAuts
     D:1: 983 daAuts
     D:9: 789 daAuts
     D:2: 728 daAuts
     D:3: 707 daAuts
     D:5: 685 daAuts
     D:8: 538 daAuts
     D:6: 511 daAuts
 Ossuary: 220 daAuts
  Temple: 200 daAuts
    D:12: 200 daAuts
    D:11: 86 daAuts
